 Dungeon Crawl Stone Soup version 0.23.2-33-g5129a83184 (webtiles) character file.

Game seed: 821302054102879123

46 Joat the Skirmisher (level 3, -1/29 HPs)
             Began as a Demonspawn Abyssal Knight on July 4, 2019.
             Was a Believer of Lugonu.
             Slain by Sigmund
             ... wielding a +0 scythe
              (3 damage)
             ... on level 2 of the Dungeon.
             The game lasted 00:05:30 (1471 turns).

Joat the Skirmisher (Demonspawn Abyssal Knight)     Turns: 1471, Time: 00:05:31

Health: -1/29      AC:  9    Str: 13    XL:     3   Next: 44%
Magic:  5/5        EV:  4    Int: 13    God:    Lugonu [**....]
Gold:   107        SH: 10    Dex: 12    Spells: 2/2 levels left

rFire    . . .     SeeInvis .   a - +1 hand axe
rCold    . . .     Gourm    .   k - +0 large shield
rNeg     . . .     Faith    .   e - +0 scale mail
rPois    .         Spirit   .   l - +2 helmet
rElec    .         Reflect  .   (no cloak)
rCorr    .         Harm     .   (no gloves)
MR       .....                  (no boots)
Stlth    ..........             (no amulet)
HPRegen  0.09/turn              (no ring)
MPRegen  0.09/turn              (no ring)

@: no status effects
A: claws 1
a: Depart the Abyss, Bend Space, Renounce Religion


You were on level 2 of the Dungeon.
You worshipped Lugonu.
Lugonu was pleased with you.
You were not hungry.

You visited 1 branch of the dungeon, and saw 2 of its levels.
You visited the Abyss 1 time.

You collected 107 gold pieces.

Inventory:

Hand Weapons
 a - a +1 hand axe (weapon)
Armour
 e - a +0 scale mail (worn)
 i - a +0 helmet
 k - a +0 large shield (worn)
 l - a +2 helmet (worn)
Scrolls
 b - a scroll of enchant armour {unknown}
 f - a scroll of remove curse {unknown}
 g - 2 scrolls of teleportation {unknown}
 h - 2 scrolls of fog {unknown}
 j - a scroll of noise {unknown}
Comestibles
 c - 4 rations
 d - a chunk of flesh


   Skills:
 + Level 3.2 Fighting
 + Level 3.0 Axes
 - Level 1.7 Armour
 - Level 0.8 Dodging
 * Level 0.6 Shields
 + Level 2.8 Invocations


You had 2 spell levels left.
You didn't know any spells.
Your spell library was empty.

Dungeon Overview and Level Annotations

Branches:
Dungeon (2/15)

Altars:
Cheibriados
Dithmenos
Elyvilon
Hepliaklqana
Kikubaaqudgha
Qazlal
Ru

Annotations:
D:2 Sigmund


Innate Abilities, Weirdness & Mutations

You have sharp fingernails.


Message History

You swing at nothing.
Something hits you but does no damage.
You swing at nothing.
You block something's attack.
You swing at nothing.
Something hits you but does no damage.
You swing at nothing.
Something hits you.
* * * LOW HITPOINT WARNING * * *
You swing at nothing.
You feel less wooden.
Your +2 helmet unmelds from your body.
Your +0 scale mail unmelds from your body.
You block something's attack. Something hits you.
* * * LOW HITPOINT WARNING * * *
You block something's attack. Something hits you but does no damage.
You closely miss something. You miss something.
Something hits you but does no damage.
You hit something. Something hits you.
* * * LOW HITPOINT WARNING * * *
You miss something. Something hits you.
You die...

#.#.##..#.# .............
#.#.##..#.# ...###.......
#.........# .. # #.......
###.##.##.# ...# #..#...#
#.##.##.####..?....(......
#.##.##.#... .# ##........
#.##.##.#.##..####.###.##.
#.##.##.........##.###.##.
#........@#.....## .>....
#.##.#.#......... .##.#..
#.##.......[##... .......
#.####.#.#### ## .#.....
#.# #.#.# #..... #.. ..#..
##.#.. ### ####### .......
######. #.


There were no monsters in sight!

Vanquished Creatures
  An adder (D:2)
  An ooze (D:2)
  A leopard gecko (D:2)
  A giant cockroach (D:1)
  8 goblins
  3 hobgoblins (D:1)
  A quokka (D:2)
  2 ball pythons (D:1)
  3 bats
  2 frilled lizards (D:1)
  5 kobolds
  4 rats
32 creatures vanquished.

Vanquished Creatures (others)
  A frilled lizard (D:2)
1 creature vanquished.

Grand Total: 33 creatures vanquished

Notes
Turn   | Place    | Note
-------+----------+-------------------------------------------
     0 | Abyss:1  | Joat the Demonspawn Abyssal Knight began the quest for the
                  | Orb.
     0 | Abyss:1  | Reached XP level 1. HP: 18/18 MP: 2/2
    54 | Abyss:1  | Noticed a smoke demon
    55 | D:1      | Escaped the Abyss
    76 | D:1      | Reached * piety under Lugonu
   259 | D:1      | Gained mutation: You have sharp fingernails. [demonic
                  | ancestry]
   259 | D:1      | Reached XP level 2. HP: 23/24 MP: 3/3
  1053 | D:2      | Found a hazy altar of Hepliaklqana.
  1054 | D:2      | Found a sacrificial altar of Ru.
  1054 | D:2      | Found a stormy altar of Qazlal.
  1161 | D:2      | Found a white marble altar of Elyvilon.
  1179 | D:2      | Found an ancient bone altar of Kikubaaqudgha.
  1179 | D:2      | Found a snail-covered altar of Cheibriados.
  1194 | D:2      | Reached XP level 3. HP: 25/29 MP: 4/4
  1206 | D:2      | Reached ** piety under Lugonu
  1207 | D:2      | Found a shadowy altar of Dithmenos.
  1432 | D:2      | Noticed Sigmund
  1471 | D:2      | Slain by Sigmund

Skill      XL: |  1  2 |
---------------+-------+-----
Axes           | 2 3 |  3.0
Fighting       | |  3.2
Armour         | |  1.7
Dodging        | |  0.8
Shields        | |  0.6
Invocations    | |  2.8

Action                   || total
-------------------------++-------
Melee: Hand axe          ||    82
Invok: Depart the Abyss  ||     1
  Use: Potion            ||     1
  Eat: Chunk             ||     2
Armor: Leather armour    ||     7
       Scale mail        ||    33
       Skin              ||    10
Dodge: Dodged            ||    24
Block: Large shield      ||    27
